[Event "Kvika Banki League Iceland 2022-23"]
[Site "Reykjavik"]
[Date "2022.10.16"]
[Round "5.9"]
[White "Heimisson, Hilmir Freyr"]
[Black "Steingrimsson, Hedinn"]
[Result "1-0"]
[ECO "E51"]
[WhiteElo "2293"]
[BlackElo "2512"]
[Annotator "TA"]
[PlyCount "53"]
[EventDate "2022.10.13"]
[EventType "team-tourn"]
[EventCountry "ISL"]
[SourceTitle "playchess.com"]
[Source "ChessBase"]
[SourceQuality "1"]
[TimeControl "5400+30"]

1. d4 Nf6 2. c4 e6 3. Nc3 Bb4 4. Bd2 O-O 5. Nf3 d5 6. e3 b6 7. cxd5 exd5 8. Rc1 $1 {[%emt 0:00:07] E51: Nimzo-Indian: Rubinstein: 4...0-0 5 Nf3 d5.} a6 9. Bd3 Re8 10. Ne5 {[%emt 0:02:04] The position is equal.} Bf8 11. f4 c5 12. O-O Bb7 13. Be1 {[%emt 0:02:35] Threatens to win with Bh4.} Nc6 {[%emt 0:03:40] [#]} (13... cxd4 $14 14. exd4 Nc6) 14. Ne2 $146 {[%emt 0:01:06] White has more active pieces.} (14. Bh4 $16) ({Predecessor:} 14. Bf2 Rc8 15. Qf3 b5 16. Bf5 Rc7 17. Bh4 Be7 18. Rcd1 g6 19. Bb1 cxd4 20. exd4 {½-½ (72) Sargsyan,T (2136)-Sargsyan,S (2472) Yerevan 2018}) 14... Ne4 (14... g6 $11) 15. Bxe4 $16 dxe4 {[%emt 0:00:07] [#]} 16. Nxf7 {[%emt 0:00:07] Strongly threatening Qb3.} (16. Qb3 Nxe5 17. fxe5 Bd5 $15) 16... Kxf7 $2 {[%emt 0:00:14] [#]} (16... Qd5 $16 17. Ng5 h6) 17. Qb3+ $1 $18 Kg6 18. f5+ Kh6 19. Rf4 (19. Bg3 $18 {Black must now prevent Qf7.} Qd7 20. Qxb6) 19... Qd7 {[%emt 0:12:50][%mdl 8192] Against Qf7} (19... cxd4 $2 20. Rh4+ Qxh4 21. Bxh4 $18) (19... g5 $16 20. fxg6 hxg6) 20. Rh4+ {[%emt 0:12:37][%mdl 64] Skewer} Kg5 21. Nf4 {[%emt 0:00:07] Rh5+ would kill now.} (21. d5 Ne5 22. Nc3 (22. Qxb6 Qd6 $17) 22... Kf6 23. Nxe4+ Kf7 $16) 21... g6 {[%emt 0:08:06] Prevents Rh5+.} 22. fxg6 {[%emt 0:09:39] White mates.} hxg6 23. Qg8 Qg7 24. Qd5+ Ne5 25. Nh3+ Kf6 26. dxe5+ Rxe5 27. Rf4+ {[%emt 0:00:06] Black got outplayed after the opening.  Weighted Error Value: White=0.19 (very precise) /Black=0.71} 1-0

[Event "Kvika Banki League Iceland 2022-23"]
[Site "Reykjavik"]
[Date "2022.10.16"]
[Round "5.10"]
[White "Kazakouski, Valery"]
[Black "Jensson, Einar Hjalti"]
[Result "1-0"]
[ECO "A11"]
[WhiteElo "2538"]
[BlackElo "2331"]
[Annotator "TA"]
[PlyCount "43"]
[EventDate "2022.10.13"]
[EventType "team-tourn"]
[EventCountry "ISL"]
[SourceTitle "playchess.com"]
[Source "ChessBase"]
[SourceQuality "1"]
[TimeControl "5400+30"]

1. Nf3 d5 2. c4 c6 3. g3 Bg4 4. Bg2 e6 5. O-O Nd7 6. Qb3 {[%emt 0:01:36] A11: English Opening: 1...c6.} Qb6 7. d3 dxc4 8. Qxc4 {[%emt 0:02:13] The position is equal.} Bxf3 9. Bxf3 Ne5 10. Qe4 Nxf3+ 11. Qxf3 Nf6 12. Nd2 Be7 13. Nc4 Qd8 14. Bd2 O-O 15. b4 Nd5 16. Rab1 {[%emt 0:00:32] [#]} a6 $146 ({Predecessor:} 16... Bg5 17. Rfc1 Bxd2 18. Nxd2 a6 19. Nc4 Nb6 20. Qe3 Nxc4 21. Rxc4 Qd5 22. Qb6 Qb5 {1-0 (56) Prohaszka,P (2586)-Velicka,P (2397) Aghios Kirykos 2015}) 17. Rfc1 Nb6 18. Na5 Qc7 19. h4 Rfd8 20. h5 Rd7 {[%emt 0:10:15] [#]} (20... h6 $11 {remains equal.}) 21. Nxc6 $1 $16 {[%emt 0:03:58] White is more active.} Bf6 (21... bxc6 {might work better.} 22. Rxc6 Qb7) 22. Bf4 {[%emt 0:01:45] Weighted Error Value: White=0.04 (flawless) /Black=0.29 (precise)} ({But not} 22. Ne7+ Rxe7 23. Rxc7 Rxc7 $18) 1-0

[Event "Kvika Banki League Iceland 2022-23"]
[Site "Reykjavik"]
[Date "2022.10.16"]
[Round "5.11"]
[White "Gislason, Gudmundur"]
[Black "Ragnarsson, Dagur"]
[Result "0-1"]
[ECO "D76"]
[WhiteElo "2293"]
[BlackElo "2348"]
[Annotator "TA"]
[PlyCount "56"]
[EventDate "2022.10.13"]
[EventType "team-tourn"]
[EventCountry "ISL"]
[SourceTitle "playchess.com"]
[Source "ChessBase"]
[SourceQuality "1"]
[TimeControl "5400+30"]

1. d4 Nf6 2. Nf3 g6 3. g3 Bg7 4. Bg2 O-O 5. O-O d5 6. c4 dxc4 7. Qc2 Nd5 8. Qxc4 Nb6 9. Qc2 Nc6 10. Rd1 {[%emt 0:04:24] D76: Fianchetto Grünfeld: Main Line with 7...Nb6.} Bf5 (10... Nxd4 $2 11. Nxd4 Bxd4 12. e3 $18) (10... Bxd4 $2 11. e3 $18) 11. Qd2 e5 {[%emt 0:25:19] [#]} (11... Qe8 $15) 12. d5 $146 {[%emt 0:05:29] [#]} (12. dxe5 $11 {keeps the balance.} Qxd2 13. Bxd2) ({Predecessor:} 12. dxe5 Qxd2 13. Bxd2 Nxe5 14. Nxe5 Bxe5 15. Bc3 Rfd8 16. Rc1 Bxc3 17. Nxc3 c6 18. Rd1 {0-1 (46) Sygulski,A (2410)-Pribyl,J (2450) Jurmala 1987}) 12... Nd4 $1 $17 13. Nxd4 exd4 14. e4 dxe3 $1 15. fxe3 Re8 16. Nc3 Nc4 17. Qf2 {[%emt 0:00:18] [#]} Nd6 $1 {[%emt 0:00:17] Inhibits e4. Black has more active pieces.} 18. Re1 Ne4 19. Nxe4 Bxe4 20. Bxe4 Rxe4 21. Rd1 Qd6 22. a4 h5 23. a5 (23. Ra2 {was worth a try.}) 23... Rae8 24. Ra3 h4 {[%emt 0:02:00] Black has a decisive advantage.} 25. Rb3 b6 {[%emt 0:00:08] White must now prevent ...hxg3.} 26. axb6 axb6 27. Rbd3 hxg3 28. hxg3 Be5 {[%emt 0:01:02] White did not feel at home in the position after the opening.  Weighted Error Value: White=0.33/Black=0.11 (very precise)} 0-1

[Event "Kvika Banki League Iceland 2022-23"]
[Site "Reykjavik"]
[Date "2022.10.16"]
[Round "5.12"]
[White "Bjornsson, Sigurbjorn"]
[Black "Briem, Benedikt"]
[Result "1-0"]
[ECO "A11"]
[WhiteElo "2308"]
[BlackElo "2208"]
[Annotator "TA"]
[PlyCount "101"]
[EventDate "2022.10.13"]
[EventType "team-tourn"]
[EventCountry "ISL"]
[SourceTitle "playchess.com"]
[Source "ChessBase"]
[SourceQuality "1"]
[TimeControl "5400+30"]

1. c4 c6 2. g3 d5 3. Nf3 Nf6 4. Bg2 g6 5. b3 Bg7 6. Bb2 O-O 7. O-O Bg4 8. d3 Re8 9. Nbd2 Nbd7 10. Qc2 e5 11. h3 Bxf3 12. Bxf3 (12. Nxf3 $11 e4 13. dxe4) 12... a5 {[%emt 0:02:47] [#] A11: English Opening: 1...c6.} (12... e4 $1 $15 13. dxe4 dxe4 14. Nxe4 Nxe4 15. Bxg7 Nxg3 16. fxg3 Kxg7) 13. a3 $146 {[%emt 0:04:35] [#]} (13. e3 $11) ({Predecessor:} 13. cxd5 cxd5 14. Rac1 Rc8 15. Qb1 Qb6 16. Bg2 Bh6 17. Rc2 Qb4 18. e3 Bf8 19. Rfc1 Rxc2 20. Rxc2 Bd6 21. Nf3 Qb6 {½-½ (21) Campos,M (2252)-Fiorito,F (2291) Buenos Aires 2022}) 13... Qe7 ({Black should play} 13... e4 $1 $17 14. dxe4 dxe4 15. Nxe4 Nxe4 16. Bxg7 Nxg3 17. fxg3 Kxg7) 14. e3 $14 e4 {[%emt 0:07:47] White has an edge.} 15. dxe4 dxe4 16. Bg2 Nc5 (16... b6 $14) 17. Rad1 Rad8 18. Bd4 Nh5 19. Bxg7 Nxg7 20. b4 $1 axb4 21. axb4 Na6 22. Nxe4 {[%emt 0:00:54] aiming for Qc3.} f5 $1 23. Nc3 {[%emt 0:07:45][%cal Be4c3,Bc3e2,Be2d4][%mdl 32] Black must now prevent b5.} Qxb4 24. Ne2 Ne6 25. Nd4 Nac5 26. h4 Nxd4 27. exd4 Ne4 28. Rd3 {[%emt 0:02:50] Prevents Nc3.} (28. Rb1 $5 Qe7 29. Rfd1 $14) 28... Rd7 29. h5 Qa5 (29... gxh5 $5 30. d5 cxd5 $11) 30. Rfd1 Nf6 31. hxg6 (31. Bf3 {looks sharper.} f4 32. hxg6 Rg7 33. Qd2) 31... hxg6 32. Qc1 Kg7 33. Re3 (33. Bf3 $14 {deserves consideration.}) 33... Rxe3 $11 34. Qxe3 Qb4 35. Qd3 Ng4 36. d5 Qb2 37. Qf1 cxd5 38. Bxd5 b6 39. Re1 Ne5 40. Kg2 Ng4 41. Re2 Qd4 42. Qe1 Qc5 $2 (42... Nf6 $11 {and Black is okay.}) 43. Re8 $2 (43. Qa1+ $18 {is the precise move to win.} Kh7 44. f3 (44. Qh1+ Nh6 $16) 44... Ne3+ 45. Kh1 Nxd5 46. Rh2+ Kg8 47. cxd5 (47. Qh8+ Kf7 $16) 47... Qxd5 48. Qh8+ Kf7 49. Rh7+ Ke6 50. Qe8+ Kf6 51. Rxd7 Qxf3+ 52. Kg1 (52. Kh2 Qf2+ 53. Kh3 Qf1+ 54. Kh2 Qf2+ 55. Kh3 Qf1+ 56. Kh2 Qf2+ $11) 52... Qxg3+ 53. Kf1 Qf4+ 54. Ke2 Qg4+ 55. Kd2 Qb4+ 56. Kd3) 43... Nf6 {[%emt 0:00:14] [#]} (43... Qd4 $16) 44. Qa1 $1 $36 {[%emt 0:02:46][%mdl 2048] Threatening mate with Rg8+. White has strong initiative.} Qd6 (44... Rxd5 $142 45. cxd5 Qxd5+ 46. Kh2 Qd6 47. Qa7+ Kh6) 45. Re6 Qf8 46. Qe5 b5 $2 (46... Qd8 47. f3 Rf7) 47. Bc6 Rd2 48. cxb5 {[%emt 0:00:55] b6 would kill now.} f4 49. g4 {[%emt 0:00:16] White mates.} Qd8 50. Re7+ Kg8 51. Qe6+ {[%emt 0:00:06] Weighted Error Value: White=0.20 (precise) /Black=0.62} 1-0

[Event "Kvika Banki League Iceland 2022-23"]
[Site "Reykjavik"]
[Date "2022.10.16"]
[Round "5.13"]
[White "Briem, Stephan"]
[Black "Johannesson, Oliver"]
[Result "1/2-1/2"]
[ECO "D10"]
[WhiteElo "2083"]
[BlackElo "2205"]
[Annotator "TA"]
[PlyCount "78"]
[EventDate "2022.10.13"]
[EventType "team-tourn"]
[EventCountry "ISL"]
[SourceTitle "playchess.com"]
[Source "ChessBase"]
[SourceQuality "1"]
[TimeControl "5400+30"]

1. d4 d5 2. c4 c6 3. cxd5 cxd5 4. Bf4 Nf6 5. Nc3 Nc6 6. e3 a6 7. Be2 e6 {[%emt 0:03:46] D10: Slav Defence: 3 cxd5 (without early Nf3) and 3 Nc3.} 8. Rc1 Bd6 9. Bxd6 Qxd6 {[%emt 0:00:09] White is slightly better.} 10. f4 Ne4 11. Nf3 Nxc3 12. Rxc3 Bd7 13. O-O O-O 14. Bd3 {[%emt 0:06:30] [#]} g6 $146 ({Predecessor:} 14... f5 15. Qd2 g6 16. Rfc1 Rfc8 17. a3 Nd8 18. Rc5 Nf7 19. b4 b6 20. Rxc8+ Bxc8 {½-½ (79) Li,C (2686)-Ma,Q (2584) Kazan 2013}) 15. Ne5 Rac8 16. Qd2 f6 17. Nxc6 Rxc6 18. Rxc6 Qxc6 19. Rc1 Qb6 20. Rc5 Rc8 21. Rxc8+ Bxc8 $11 {[%emt 0:00:11][%mdl 4096] Endgame KQB-KQB} 22. Qc3 Bd7 23. Kf2 Kf7 24. h4 f5 25. Be2 h5 26. Ke1 Qc6 27. Kd2 Qxc3+ 28. Kxc3 $14 {[%emt 0:01:59] [#] aiming for Kb4. KB-KB} a5 29. b4 b6 30. Kb2 Ke7 ({Weaker is} 30... axb4 31. Kb3 $16) 31. Ka3 Kd6 32. Bd1 Kc7 33. Bc2 Kb7 34. Bd3 $1 {[%emt 0:02:32] Inhibits Bb5.} Ka7 35. Be2 Kb7 36. bxa5 (36. Kb3 $14 {might be stronger.}) 36... bxa5 $11 {[%emt 0:00:08] The position is equal.} 37. Bd1 Kb6 38. Bb3 Bc6 39. Ba4 Bxa4 {[%emt 0:00:14] Weighted Error Value: White=0.07 (flawless) /Black=0.05 (flawless)} 1/2-1/2

[Event "Kvika Banki League Iceland 2022-23"]
[Site "Reykjavik"]
[Date "2022.10.16"]
[Round "5.14"]
[White "Halldorsson, Jon Arni"]
[Black "Einarsson, Halldor Gretar"]
[Result "0-1"]
[ECO "D03"]
[WhiteElo "2057"]
[BlackElo "2226"]
[Annotator "TA"]
[PlyCount "80"]
[EventDate "2022.10.13"]
[EventType "team-tourn"]
[EventCountry "ISL"]
[SourceTitle "playchess.com"]
[Source "ChessBase"]
[SourceQuality "1"]
[TimeControl "5400+30"]

1. d4 Nf6 2. Nf3 g6 3. Bg5 Bg7 4. Nbd2 d5 5. e3 O-O 6. b4 a5 {[%emt 0:02:44] D03: 1 d4 d5 2 Nf3 Nf6 3 Bg5, including Torre Attack with early ...d5.} 7. b5 c5 8. bxc6 Nxc6 {[%emt 0:00:30] The position is equal.} 9. Be2 {[%emt 0:01:02] [#]} (9. Bd3 $11) 9... h6 $146 (9... Ne4 $1 $15 10. Nxe4 dxe4) ({Predecessor:} 9... Ne4 10. Nxe4 dxe4 11. Nd2 h6 12. Bh4 g5 13. Bg3 f5 14. Bc4+ e6 15. h4 f4 16. hxg5 fxg3 17. gxh6 gxf2+ {0-1 (68) Nitish,B (1857)-Praneeth,S (2201) Nagpur 2012}) 10. Bh4 (10. Bxf6 $11 Bxf6 11. c4) 10... Bf5 ({Better is} 10... Ne4 $15 11. Qb1 a4) 11. a3 (11. O-O $11) 11... g5 {[%emt 0:02:06] Black is more active.} (11... Ne4 $1 $15) 12. Bg3 $11 Nh5 $36 {[%emt 0:03:02][%mdl 2048] Black fights for an advantage.} 13. Ne5 (13. Rc1 $11 {remains equal.}) 13... Nxg3 $17 14. Nxc6 bxc6 15. hxg3 a4 16. Bd3 Bxd3 17. cxd3 c5 (17... Qd6 $1 $17) 18. Nf3 (18. dxc5 $11 Bxa1 19. Qxa1) 18... cxd4 19. Nxd4 Bxd4 20. exd4 Qb6 21. Rb1 Qxd4 (21... Qd6 $1 $17 {Strongly threatening ...Rfb8.} 22. Qh5 Ra6) 22. Rxh6 $15 Rab8 {[%emt 0:01:03] aiming for ...Rfc8.} 23. Ra6 $2 ({White must play} 23. Rh5 $1 $15 f6 24. Kf1) 23... Rxb1 $19 24. Qxb1 {[%emt 0:00:08][%mdl 4096] Endgame [#] KQR-KQR} Rc8 $1 25. Rb6 Qc3+ 26. Ke2 Qxa3 27. Rb8 $2 (27. Qb2 {keeps fighting.} Qxb2+ 28. Rxb2) 27... Rxb8 28. Qxb8+ {[%emt 0:00:07] KQ-KQ} Kh7 29. Qe5 Qd6 $2 (29... Qa2+ $19 30. Ke1 Qb1+ 31. Kd2 Qb4+ 32. Qc3 Qb6) 30. Qxg5 $2 (30. Qxd6 $1 $11 {and White has nothing to worry.} exd6 31. Kd2) 30... a3 {[%emt 0:00:35] White must now prevent ...Qe6+.} 31. Qh5+ {[%emt 0:01:20] [#]} Kg7 $1 32. Qg4+ Qg6 $2 ({Black should try} 32... Kf6 $19 {...Qe6+ is the strong threat.} 33. Qf3+ Ke6 34. Qg4+ f5 35. Qg8+ Kd7) 33. Qa4 $15 (33. Qd4+ Qf6 34. Qg4+ (34. Qxd5 $2 Qe6+ 35. Qe4 a2 $19) 34... Kh7 35. Qh3+ (35. Qh5+ Kg8 $19) 35... Qh6 36. Qf5+ Qg6 37. Qh3+ (37. Qxd5 $2 Qe6+ 38. Qxe6 fxe6 $19) 37... Qh6 38. Qf5+ Qg6 39. Qh3+ (39. Qxd5 $2 Qe6+ 40. Qxe6 fxe6 $19) 39... Qh6 $19) 33... Qd6 $2 (33... Qe6+ $15 34. Kd1 Qd6) 34. Qg4+ $1 $19 Kf6 {[%emt 0:01:31] Threatens to win with ...Qe6+.} 35. Qh4+ Ke6 36. Qa4 $2 (36. Qg4+ f5 37. Qg8+ Kd7 38. Qa8) 36... Qe5+ 37. Kf3 Qc3 38. Qa6+ Ke5 39. Ke3 Qe1+ 40. Kf3 Qd1+ {[%emt 0:00:11] Weighted Error Value: White=0.77/Black=0.36} 0-1

[Event "Kvika Banki League Iceland 2022-23"]
[Site "Reykjavik"]
[Date "2022.10.16"]
[Round "5.15"]
[White "Hreinsson, Hlidar"]
[Black "Finnsson, Johann Arnar"]
[Result "1-0"]
[ECO "C55"]
[WhiteElo "2170"]
[BlackElo "1891"]
[Annotator "TA"]
[PlyCount "85"]
[EventDate "2022.10.13"]
[EventType "team-tourn"]
[EventCountry "ISL"]
[SourceTitle "playchess.com"]
[Source "ChessBase"]
[SourceQuality "1"]
[TimeControl "5400+30"]

1. e4 e5 2. Nf3 Nc6 3. Bc4 Nf6 4. d3 Be7 5. O-O d6 6. h3 O-O 7. c3 Na5 8. Bb5 a6 9. Ba4 b5 10. Bc2 c5 {[%emt 0:00:10] C55: Two Knights: 4 d3, 4 d4 exd4 5 e5 and Max Lange Attack.} 11. d4 cxd4 12. cxd4 Nc6 {[%emt 0:00:23] The position is equal.} 13. Nc3 h6 14. Be3 {[%emt 0:04:04] [#]} Qc7 $146 ({Predecessor:} 14... Re8 15. Rc1 Bf8 16. Bb1 Bb7 17. d5 Ne7 18. b4 Bc8 19. Nd2 Nh7 20. a4 Bd7 21. axb5 axb5 {1-0 (40) Ugroczky,P (2197)-Tancsa,T (1924) Zalakaros 2018}) 15. Rc1 Rd8 $2 {[%emt 0:07:12] [#]} (15... Qb7 $16 {keeps fighting.}) 16. Nd5 $1 $18 Qb7 (16... Nxd5 $2 17. exd5 f5 18. Bb3 $18) 17. Bb3 Bf8 $2 (17... Bd7 18. dxe5 dxe5 19. Nxe5 Nxe5) 18. Nxf6+ gxf6 {[%emt 0:00:34] [#]} 19. Rxc6 $1 Qxc6 20. Bd5 {[%emt 0:00:05][%mdl 64] Skewer, Deflection} Qe8 21. Bxa8 Bxh3 22. gxh3 Rxa8 23. d5 Qd7 24. Nh2 (24. Kh2 $142 f5 25. Rg1+ Kh8 26. Nh4) 24... f5 (24... Qxh3 $142 25. Qg4+ Qxg4+ 26. Nxg4 Kh7 27. Nxf6+ Kg6) 25. exf5 Qxf5 26. Qg4+ Qxg4+ 27. Nxg4 f5 (27... Kh7 $142 28. Rc1 f5 29. Nf6+ Kg6) 28. Nxh6+ Bxh6 29. Bxh6 {[%emt 0:00:03][%mdl 4096] Endgame KRB-KR} f4 30. Rc1 {[%emt 0:00:14] Inhibits Rc8.} Kh7 31. Bg5 Kg6 32. h4 Kf5 33. Rc6 Ke4 34. Rxd6 Rf8 35. Rd8 Rf7 36. d6 Kf3 37. Rc8 {[%emt 0:00:14] Rc7 would kill now.} e4 38. Rc7 {[%emt 0:01:14] White mates.} Rf8 39. d7 e3 40. d8=Q Rxd8 41. Bxd8 e2 42. Re7 b4 43. h5 {[%emt 0:00:19] Black got outplayed after the opening.  Weighted Error Value: White=0.49/Black=0.46} 1-0

[Event "Kvika Banki League Iceland 2022-23"]
[Site "Reykjavik"]
[Date "2022.10.16"]
[Round "5.16"]
[White "Fridgeirsson, Dagur Andri"]
[Black "Ornolfsson, Magnus P."]
[Result "0-1"]
[ECO "E11"]
[WhiteElo "1943"]
[BlackElo "2154"]
[Annotator "TA"]
[PlyCount "92"]
[EventDate "2022.10.13"]
[EventType "team-tourn"]
[EventCountry "ISL"]
[SourceTitle "playchess.com"]
[Source "ChessBase"]
[SourceQuality "1"]
[TimeControl "5400+30"]

1. d4 Nf6 2. c4 e6 3. Nf3 Bb4+ 4. Bd2 Qe7 5. Nc3 O-O 6. Qc2 d6 {[%emt 0:00:45] E11: Bogo-Indian.} 7. e4 (7. a3 $14 Bxc3 8. Bxc3) 7... e5 $1 $11 8. d5 a5 {[%emt 0:02:11] The position is equal.} 9. Be2 {[%emt 0:01:46] [#]} Bg4 $146 ({Predecessor:} 9... Na6 10. a3 Bxc3 11. Bxc3 Nc5 12. Nd2 a4 13. O-O Ne8 14. f4 exf4 15. Rxf4 f5 {0-1 (26) Krotofil,K (1951)-Lindner,J (2159) Bad Sooden-Allendorf 2013}) 10. O-O Nbd7 11. Bg5 Bxc3 12. bxc3 h6 13. Be3 b6 14. Rae1 Nc5 15. Bxc5 bxc5 16. h3 Bxf3 17. Bxf3 Nd7 18. Be2 a4 19. a3 Nb6 20. Bd3 g5 (20... h5 $142) 21. Qe2 Kg7 22. Qg4 Qf6 23. Re3 Rh8 24. h4 Qf4 25. Qh3 Qxh4 26. Qxh4 gxh4 27. Kh2 (27. Rh3 $11 {keeps the balance.}) 27... Nd7 $17 {[%emt 0:01:11] Hoping for ...Rhb8.} 28. Rb1 Rhb8 29. Rb5 f5 (29... Nf8 $17) 30. exf5 $11 Nf6 {[%emt 0:00:13] [#] White must now prevent ...Ng4+.} 31. Kh3 {[%emt 0:00:44] Prevents Ng4. This costs White the game.} ({Wrong is} 31. Rxb8 $2 Rxb8 32. Re1 Rb3 $19) (31. Rh3 $15) 31... Rxb5 $19 32. cxb5 Nxd5 33. Be4 $2 (33. f6+ Kxf6 34. Rf3+ Nf4+ 35. Kxh4) 33... Nxe3 34. Bxa8 {[%emt 0:00:05][%mdl 4096] Endgame KB-KN} (34. fxe3 $142 Rf8 35. Kg4) 34... Nc4 35. Bc6 Nxa3 {[%emt 0:00:30] [#] ...Nb1 is the strong threat.} 36. b6 cxb6 {[%emt 0:00:11][%cal Bc7b6,Bb6b5,Bb5c4][%mdl 32] aiming for ...Nb1.} 37. Bxa4 b5 38. Bd1 Nb1 39. c4 bxc4 40. f4 c3 {[%emt 0:00:40] Black mates.} 41. fxe5 dxe5 42. Kxh4 Na3 43. g4 c2 44. Bxc2 Nxc2 45. g5 hxg5+ 46. Kxg5 Nd4 {[%emt 0:00:54] Weighted Error Value: White=0.74/Black=0.07 (flawless)} 0-1

[Event "Kvika Banki League Iceland 2022-23"]
[Site "Reykjavik"]
[Date "2022.10.16"]
[Round "5.17"]
[White "Dziuba, Marcin"]
[Black "Cheparinov, Ivan"]
[Result "0-1"]
[ECO "D45"]
[WhiteElo "2569"]
[BlackElo "2689"]
[Annotator "TA"]
[PlyCount "60"]
[EventDate "2022.10.13"]
[EventType "team-tourn"]
[EventCountry "ISL"]
[SourceTitle "playchess.com"]
[Source "ChessBase"]
[SourceQuality "1"]
[TimeControl "5400+30"]

1. d4 Nf6 2. c4 e6 3. Nf3 d5 4. Nc3 c6 5. e3 Nbd7 6. Be2 Bd6 7. O-O O-O 8. b3 b6 {[%emt 0:00:21] D45: Semi-Slav: 5 e3.} 9. Bb2 Bb7 10. Bd3 Re8 {[%emt 0:00:23] The position is equal.} 11. Re1 Rc8 12. Rc1 e5 13. dxe5 (13. Nxe5 {looks sharper.} Nxe5 14. dxe5 Bxe5 15. Bf5) 13... Nxe5 14. cxd5 cxd5 {[%emt 0:03:00][%cal Od5d4] [#]} 15. Nxe5 $146 ({Predecessor:} 15. Be2 Qe7 16. Nb5 Rxc1 17. Qxc1 Bb8 18. Bxe5 Bxe5 19. Nxa7 Bb8 20. Nc6 Bxc6 21. Qxc6 {1-0 (57) Raja,R (2483)-Finek,V (2408) Budapest 2021}) 15... Bxe5 16. Bf5 Rc5 {[%emt 0:03:03] next ...d4 is good for Black.} 17. f4 Bd6 {[%emt 0:29:36][%cal Od5d4] [#] Strongly threatening ...d4!} 18. Qd4 (18. b4 $5 Rc4 19. a3 $11) 18... h5 19. Bd3 Rc8 {[%emt 0:09:14] ...Bc5 is the strong threat.} 20. b4 {[%emt 0:02:58] Prevents Bc5.} a5 21. a3 axb4 22. axb4 Qe7 23. Bb5 (23. Qxb6 Bxb4 24. Qb5 Ra8 $19) 23... Bxb4 {[%emt 0:09:11] Hoping for ...Bc5.} 24. Bxe8 (24. Qxb6 $2 Bc5 25. Qxc5 Rxc5 $19) 24... Rxe8 25. Qe5 Qd8 26. Qg5 {[%emt 0:00:10] This move loses the game for White.} (26. Qd4 $17 {only move.} Bc5 27. Qd2) 26... d4 $19 27. Rcd1 Qc8 ({But not} 27... dxc3 $2 28. Rxd8 Rxd8 29. Qb5 $19) 28. exd4 (28. Nb5 {was worth a try.} Bxe1 29. Rxe1 Rxe3 30. Rxe3 dxe3 31. Nd4) 28... Rxe1+ {[%emt 0:00:20] Black is clearly winning.} ({Avoid the trap} 28... Bxc3 $2 29. Bxc3 Qxc3 30. Rxe8+ Nxe8 31. Qg3 $19) 29. Rxe1 Bxc3 {[%emt 0:00:12] A strong pair of Bishops.} 30. Rc1 {[%emt 0:00:28] [#]} (30. Bxc3 $142 Qxc3 31. Qg3 Qxd4+ 32. Qe3) 30... Qe8 $1 {[%emt 0:00:48] Weighted Error Value: White=0.58/Black=0.02 (flawless)} 0-1

[Event "Kvika Banki League Iceland 2022-23"]
[Site "Reykjavik"]
[Date "2022.10.16"]
[Round "5.18"]
[White "Jones, Gawain C B"]
[Black "Pakleza, Zbigniew"]
[Result "1/2-1/2"]
[ECO "C41"]
[WhiteElo "2626"]
[BlackElo "2496"]
[Annotator "TA"]
[PlyCount "75"]
[EventDate "2022.10.13"]
[EventType "team-tourn"]
[EventCountry "ISL"]
[SourceTitle "playchess.com"]
[Source "ChessBase"]
[SourceQuality "1"]
[TimeControl "5400+30"]

1. e4 e5 2. Nf3 d6 3. d4 exd4 4. Nxd4 Nf6 5. Nc3 Be7 6. Bc4 O-O 7. O-O Re8 8. Re1 {[%emt 0:02:19] C41: Philidor Defence.} c6 9. h3 Bf8 {[%emt 0:03:26] [#]} 10. Nf3 $146 {[%emt 0:20:27] White is slightly better.} ({Predecessor:} 10. Bb3 Nbd7 11. Bg5 h6 12. Bh4 Ne5 13. Qd2 Ng6 14. Bg3 Be7 15. Rad1 Nh5 16. Bh2 {1-0 (31) Drozdowski,K (2448)-Ulko,J (2437) Chess.com INT 2021}) 10... Nbd7 {[%emt 0:12:04] Prevents e5. The position is equal.} 11. Bf4 Nc5 12. Ng5 Ne6 13. Qf3 h6 14. Nxe6 Bxe6 15. Bb3 Bxb3 16. axb3 Re6 17. Red1 Qe8 18. Ra4 b5 19. Rad4 c5 20. R4d3 Nxe4 21. Nxe4 Rxe4 22. Bxd6 c4 23. bxc4 bxc4 24. Rd5 {[%emt 0:00:17][%cal Od6e5] [#] Strongly threatening Be5!} Re1+ 25. Rxe1 Qxe1+ 26. Kh2 Bxd6+ 27. Rxd6 $11 {[%emt 0:00:02][%mdl 4096] Endgame KQR-KQR} Qe5+ 28. g3 Rb8 29. Rc6 Qxb2 30. Rxc4 Qb7 31. Kg2 Qd7 32. Kh2 a5 33. Qc3 Ra8 34. Rg4 {[%emt 0:00:30][%csl Gg4][%cal Rc3g7] [#]} g6 35. Qc4 {[%emt 0:01:31] Black must now prevent Rxg6+.} Kg7 36. Qc3+ Kg8 37. Qc4 {[%emt 0:00:49] And now Rxg6+ would win.} Kg7 38. Qc3+ {[%emt 0:04:48] Weighted Error Value: White=0.06 (flawless) /Black=0.02 (flawless)} 1/2-1/2